 Dungeon Crawl Stone Soup version 0.26-b1-32-g5d43845318 (webtiles) character file.

Game seed: 11386607390207266484

156 Sekiam the Cutter (level 5, 0/41 HPs)
             Began as a Demonspawn Gladiator on Jan 11, 2021.
             Was an Initiate of Qazlal.
             Killed by divine providence
             ... invoked by an orc priest
              (12 damage)
             ... on level 3 of the Dungeon.
             The game lasted 00:06:20 (2640 turns).

Sekiam the Cutter (Demonspawn Gladiator)            Turns: 2640, Time: 00:06:20

Health: 0/41       AC: 11    Str: 16    XL:     5   Next: 14%
Magic:  5/5        EV: 12    Int:  9    God:    Qazlal [......]
Gold:   174        SH:  0    Dex: 14    Spells: 4/4 levels left

rFire    . . .     SeeInvis .   q - +1 dagger (elec)
rCold    + . .     Faith    .   (no shield)
rNeg     . . .     Spirit   .   r - +0 chain mail
rPois    .         Reflect  .   n - +0 helmet
rElec    .         Harm     .   h - scarf {+Inv}
rCorr    .         Rampage  .   (no gloves)
Will     .....                  (no boots)
Stlth    ..........             (no amulet)
HPRegen  0.13/turn              (no ring)
MPRegen  0.09/turn              m - +4 ring of evasion

@: no status effects
A: yellow scales 1, cold resistance 1
a: Renounce Religion, Evoke Invisibility


You were on level 3 of the Dungeon.
You worshipped Qazlal.
Qazlal was noncommittal.
You visited 1 branch of the dungeon, and saw 3 of its levels.

You collected 174 gold pieces.

Inventory:

Hand Weapons
 a - a +0 rapier
 q - a +1 dagger of electrocution (weapon)
Missiles
 d - 3 throwing nets (quivered)
Armour
 b - a +0 leather armour
 c - a +0 helmet
 h - a scarf of invisibility (worn)
 i - a +0 leather armour
 n - a +0 helmet (worn)
 r - a +0 chain mail (worn)
Jewellery
 j - an uncursed ring of teleportation
 m - a +4 ring of evasion (right hand)
Wands
 l - a wand of flame (7)
Scrolls
 e - 2 scrolls of identify
Potions
 f - a potion of flight
 g - a potion of mutation {unknown}
 k - a potion of curing {unknown}


   Skills:
 + Level 3.1 Fighting
 + Level 4.1 Short Blades
 + Level 1.8 Throwing
 + Level 1.4 Armour
 + Level 3.2 Dodging
 + Level 0.2 Stealth


You had 4 spell levels left.
You didn't know any spells.
Your spell library was empty.

Dungeon Overview and Level Annotations

Branches:
Dungeon (3/15)

Altars:
Qazlal


Innate Abilities, Weirdness & Mutations

You are partially covered in yellow scales. (AC +2)
Your flesh is cold resistant. (rC+)


Message History

You are too injured to fight recklessly!
You are too injured to fight recklessly!
You hit the orc.
The orc is heavily wounded.
The ball python bites you but does no damage.
The ball python barely misses you. The orc hits you with a +0 hand axe.
You closely miss the orc.
The orc is heavily wounded.
The ball python bites you. The ball python closely misses you.
The orc hits you with a +0 hand axe.
* * * LOW HITPOINT WARNING * * *
You hit the ball python.
You kill the ball python!
Qazlal accepts your kill.
You hit the orc. Lightning courses through the orc!
You kill the orc!
Qazlal accepts your kill.
The orc priest mumbles some strange prayers to Beogh against you.
Beogh smites you!
You die...

*,*,* *,* #..# * *,*,* *,*
#..# * *,*,* #,* #..# *
*,*,*** #.* #..# *
*,,,,,####.### #..# *
*,,,,,.......# #..# *
*,,,,,**#..#.####..# *
*,,,,,* #..†.......# *
*,,,,,**#.##@####.## *
***,*,,,,,*#)# #.# *
*,*******#o# #.# *********
*,* #.#**#.#**,,,,**,, *,*
#..,,...,,,,,**,,,
*,*******###,,...,,,,,*,,,,
*,,,,,,,,,,,,**..,,,*,*,,,_
*********************,*,,,,
*,**,,,


You could see an orc priest.

Vanquished Creatures
  An orc priest (D:3)
  4 adders (D:2)
  An ooze (D:2)
  2 worms
  4 dart slugs
  4 leopard geckos
  7 orcs (D:3)
  A ball python (D:3)
  9 bats
  3 giant cockroaches
  6 goblins
  3 hobgoblins
  2 jackals (D:2)
  2 quokkas (D:2)
  8 frilled lizards
  3 kobolds
  4 rats
64 creatures vanquished.

Notes
Turn   | Place    | Note
-------+----------+-------------------------------------------
     0 | D:1      | Sekiam the Demonspawn Gladiator began the quest for the
                  | Orb.
     0 | D:1      | Reached XP level 1. HP: 16/16 MP: 1/1
   314 | D:1      | Reached skill level 3 in Short Blades
   314 | D:1      | Gained mutation: You are partially covered in yellow
                  | scales. (AC +2) [demonic ancestry]
   314 | D:1      | Reached XP level 2. HP: 22/22 MP: 2/2
   785 | D:2      | Gained mutation: Your flesh is cold resistant. (rC+)
                  | [demonic ancestry]
   785 | D:2      | Reached XP level 3. HP: 12/27 MP: 3/3
  1544 | D:2      | Reached skill level 1 in Armour
  1544 | D:2      | Reached XP level 4. HP: 27/34 MP: 4/4
  2332 | D:3      | Reached skill level 4 in Short Blades
  2332 | D:3      | Reached XP level 5. HP: 19/41 MP: 5/5
  2559 | D:3      | Found a stormy altar of Qazlal.
  2562 | D:3      | Became a worshipper of Qazlal Stormbringer
  2640 | D:3      | Killed from afar by an orc priest

Illustrated notes

Levels and vault maps discovered:
D:1:      roderic_crossed_star, layout_loops_ring
D:2:      layout_loops_corners, serial_glass, glass_columns_c, glass_columns_b,
          st_stairs_12
D:3:      layout_loops_ring, lemuel_round_altar, lemuel_crystal_altar,
          lemuel_doored_altar, minmay_misc_feat_alley,
          nicolae_dithmenos_through_a_glass_darkly

Skill      XL: |  1  2  3  4 |
---------------+-------------+-----
Short Blades   | 3 4 |  4.1
Dodging        | 3 |  3.2
Armour         | 1 |  1.4
Fighting       | 3 |  3.1
Throwing       | |  1.8
Stealth        | |  0.2

Action                   |  1- 3 |  4- 6 || total
-------------------------+-------+-------++-------
Melee: Rapier            |   115 |    47 ||   162
       Dagger            |       |    70 ||    70
  Use: Scroll            |     3 |     2 ||     5
Armor: Leather armour    |    33 |    18 ||    51
       Chain mail        |       |     7 ||     7
Dodge: Dodged            |    80 |   105 ||   185
